 Dungeon Crawl Stone Soup version 0.26-a0-215-g1b87330c0f (webtiles) character file.

Game seed: 13460124321752423592

21 BritishOli the Slasher (level 2, 0/22 HPs)
             Began as a Demonspawn Gladiator on July 6, 2020.
             Succumbed to Terence's poison
             ... on level 2 of the Dungeon.
             The game lasted 00:01:12 (1443 turns).

BritishOli the Slasher (Demonspawn Gladiator)       Turns: 1443, Time: 00:01:12

Health: 0/22       AC:  4    Str: 14    XL:     2   Next: 62%
Magic:  0/2        EV: 13    Int:  9    God:
Gold:   99         SH:  0    Dex: 14    Spells: 1/1 levels left

rFire    . . .     SeeInvis .   a - +0 long sword
rCold    . . .     Faith    .   (no shield)
rNeg     . . .     Spirit   +   b - +0 leather armour
rPois    .         Reflect  .   c - +0 helmet
rElec    .         Harm     .   (no cloak)
rCorr    .                      (no gloves)
MR       .....                  (no boots)
Stlth    +.........             (no amulet)
HPRegen  0.07/turn              (no ring)
MPRegen  0.08/turn              (no ring)

@: lethally poisoned (0 -> -35)
A: magic shield
a: no special abilities


You were on level 2 of the Dungeon.
You were not hungry.

You visited 1 branch of the dungeon, and saw 2 of its levels.

You collected 99 gold pieces.

Inventory:

Hand Weapons
 a - a +0 long sword (weapon)
Missiles
 d - 3 throwing nets (quivered)
Armour
 b - a +0 leather armour (worn)
 c - a +0 helmet (worn)
Scrolls
 e - 2 scrolls of remove curse {unknown}
 h - a scroll of enchant armour {unknown}
 i - 2 scrolls of magic mapping {unknown}
 j - a scroll of identify {unknown}
Potions
 g - a potion of curing {unknown}
Comestibles
 f - a ration


   Skills:
 + Level 2.2 Fighting
 + Level 2.9 Long Blades
 + Level 2.0 Throwing
 + Level 0.7 Armour
 + Level 2.9 Dodging


You had one spell level left.
You didn't know any spells.
Your spell library was empty.

Dungeon Overview and Level Annotations

Branches:
Dungeon (2/15)

Altars:

Annotations:
D:2 Terence


Innate Abilities, Weirdness & Mutations

When hurt, damage is shared between your health and your magic reserves.


Message History

You feel sick. The adder bites you. The adder closely misses you.
Terence hits you with a +2 short sword of venom.
You are more poisoned.
You closely miss the adder.
The adder is heavily wounded.
You feel very sick. The adder bites you.
You are more poisoned.
The adder poisons you!
Terence hits you with a +2 short sword of venom.
You are more poisoned.
The worm barely misses you.
You riposte.
You slash the worm!
The worm is heavily wounded.
The adder barely misses you.
* * * LOW HITPOINT WARNING * * *
You feel very sick. The adder closely misses you.
* * * LOW HITPOINT WARNING * * *
You feel very sick.
You die...

#########........# #.........#
##.....†..........# #.........#
...#######........# #..)..(((..
#.### #........#####........(#
#...#############.#.............#
###.................###.........#
###..........####...#..........
###.########.####...<.........#
###...# #..@....#.......<..#
....### ##.##..###.........#
##### ####S#..............##
?#...@..............##
.......w...............#
?......................#
#...###................#
..#####................# .
#...............[...


You could see Terence, a worm and an adder.

Vanquished Creatures
  A dart slug (D:1)
  4 leopard geckos
  A quokka (D:2)
  3 goblins (D:2)
  2 kobolds
  5 rats
16 creatures vanquished.

Notes
Turn   | Place    | Note
-------+----------+-------------------------------------------
     0 | D:1      | BritishOli the Demonspawn Gladiator began the quest for the
                  | Orb.
     0 | D:1      | Reached XP level 1. HP: 16/16 MP: 1/1
   816 | D:2      | Gained mutation: When hurt, damage is shared between your
                  | health and your magic reserves. [demonic ancestry]
   816 | D:2      | Reached XP level 2. HP: 16/22 MP: 2/2
  1124 | D:2      | Noticed Terence
  1443 | D:2      | Succumbed to Terence's poison

Illustrated notes

Levels and vault maps discovered:
D:1:      minmay_arrival_shoal_huts, layout_basic
D:2:      layout_rooms, minitemple, uniq_terence

Skill      XL: |  1  2 |
---------------+-------+-----
Throwing       | 2 |  2.0
Fighting       | |  2.2
Long Blades    | |  2.9
Armour         | |  0.7
Dodging        | |  2.9

Action                   || total
-------------------------++-------
Melee: Long sword        ||    42
 Stab: Sleeping          ||     1
  Eat: Ration            ||     1
Armor: Leather armour    ||     9
Dodge: Dodged            ||    33
       Rpst.: Long sword ||     8

Table legend:
 A = Non-vault XP
 B = Vault XP
 C = Vault XP percentage of total XP
 D = Non-vault monster count
 E = Vault monster count
 F = Vault count percentage of total count
                 A         B        C        D         E       F
            +---------+---------+-------+---------+---------+-------
      Total |      30 |       0 |   0.0 |      16 |       0 |   0.0
            +---------+---------+-------+---------+---------+-------
        D:1 |       9 |       0 |   0.0 |       4 |       0 |   0.0
        D:2 |      21 |       0 |   0.0 |      12 |       0 |   0.0
            +---------+---------+-------+---------+---------+-------
